 Dungeon Crawl Stone Soup version 0.30-a0-1018-g25214051b3 (webtiles) character file.

Game seed: 2237986512608629759

109 cheesebisquit the Trooper (level 4, -10/41 HPs)
             Began as a Draconian Fire Elementalist on Apr 7, 2023.
             Killed by divine providence
             ... invoked by an orc priest
              (17 damage)
             ... on level 4 of the Dungeon.
             The game lasted 00:10:05 (3730 turns).

cheesebisquit the Trooper (DrFE)                    Turns: 3730, Time: 00:10:06

Health: -10/41     AC:  7    Str: 10    XL:     4   Next: 60%
Magic:  3/7        EV: 12    Int: 24    God:
Gold:   170        SH:  0    Dex: 11    Spells: 6/7 levels left

rFire   . . .      SeeInvis .    e - +0 hand axe
rCold   . . .      Faith    .    (no shield)
rNeg    . . .      Spirit   .    (body armour unavailable)
rPois   .          Reflect  .    (helmet restricted)
rElec   .          Rampage  .    (no cloak)
rCorr   .                        (no gloves)
Will    .....                    o - +1 pair of boots
Stlth   ++                       (no amulet)
HPRegen 0.26/turn                y - +6 ring of intelligence
MPRegen 0.10/turn                (no ring)

@: no status effects
A: AC +5, unfitting armour, cold-blooded
a: no special abilities


You were on level 4 of the Dungeon.
You visited 1 branch of the dungeon, and saw 4 of its levels.

You collected 170 gold pieces.

Inventory:

Hand Weapons
 e - a +0 hand axe (weapon)
 i - a +0 spear
Missiles
 f - 33 stones
 h - 6 poisoned darts
 j - 5 boomerangs
 t - 4 curare-tipped darts
Armour
 o - a +1 pair of boots (worn)
Jewellery
 y - a +6 ring of intelligence (left hand)
Wands
 q - a wand of polymorph (9)
Scrolls
 b - a scroll of fog {unknown}
 c - a scroll of enchant armour {unknown}
 d - a scroll of noise
 l - a scroll of vulnerability {unknown}
 m - a scroll of summoning {unknown}
 p - 2 scrolls of poison
 u - a scroll of teleportation {unknown}
 v - a scroll of enchant weapon {unknown}
Potions
 a - a potion of magic
 k - 2 potions of brilliance
 n - 3 potions of resistance
 r - a potion of curing
 s - 2 potions of cancellation
 w - a potion of attraction
 x - a potion of heal wounds


   Skills:
 + Level 4.8 Fighting
 - Level 1.7 Dodging
 - Level 1.7 Stealth
 - Level 2.0 Spellcasting
 - Level 1.0 Conjurations
 - Level 3.0 Fire Magic


You had 6 spell levels left.
You knew the following spells:

 Your Spells              Type           Power      Damage    Failure   Level
a - Foxfire               Conj/Fire      48%        2x1d6     5%          1

Your spell library contained the following spells:

 Spells                   Type           Power      Damage    Failure   Level
 Scorch                   Fire           32%        2d6       5%          2
 Magic Dart               Conj           28%        1d4       8%          1
 Searing Ray              Conj           14%        2d5       12%         2
 Momentum Strike          Conj/Tloc      8%         3d8       14%         2
 Blink                    Tloc           4%         N/A       19%         2
 Lesser Beckoning         Tloc           4%         N/A       19%         2
 Inner Flame              Hex/Fire       9%         N/A       19%         3
 Volatile Blastmotes      Fire/Tloc      18%        2d11      19%         3
 Stone Arrow              Conj/Erth      8%         3d7       28%         3
 Flame Wave               Conj/Fire      12%        2d6       45%         4
 Fulminant Prism          Conj/Hex       2%         3d5       67%         4
 Iskenderun's Battlesphe  Conj           7%         2d6       91%         5
 Iron Shot                Conj/Erth      2%         9d2       100%        6
 Spellforged Servitor     Conj/Summ      2%         N/A       100%        7
 Lehudib's Crystal Spear  Conj/Erth      2%         10d2      100%        8
 Animate Armour           Summ/Erth      Unusable   N/A       N/A         4

Dungeon Overview and Level Annotations

Branches:
Dungeon (4/15)
 Temple: D:4-7

Altars:

Shops:
D:1 [


Innate Abilities, Weirdness & Mutations

Your plain brown scales are hard. (AC +5)
You cannot fit into any form of body armour.
You are cold-blooded and may be slowed by cold attacks.


Message History

You hit the orc priest but do no damage.
You miss something. Something hits you.
You barely miss the orc priest. You barely miss something.
The orc priest barely misses you.
You hear some strange, mumbled words.
A magic dart appears from out of thin air!
The magic dart hits you!
The orc priest hits you but does no damage.
Something hits you but does no damage.
As you read the scroll of fear, it crumbles to dust.
You assume a fearsome visage.
The orc priest looks frightened!
Your magical contamination has completely faded away.
Something hits you but does no damage.
You miss something.
You hear some strange, mumbled words.
Something tries to affect you, but you resist.
You hit something but do no damage. Something hits you.
You slash something! Something hits you. x2
* * * LOW HITPOINT WARNING * * *
You miss something.
You hear some strange, mumbled words.
Something tries to affect you, but you resist.
You hit something. Something hits you.
* * * LOW HITPOINT WARNING * * *
You hit something.
You hear some strange, mumbled words.
A magic dart appears from out of thin air!
The magic dart hits you.
* * * LOW HITPOINT WARNING * * *
You hit something.
Reactivating autopickup.
You feel a bit more experienced.
Things that are here:
a +0 hand axe; a +0 robe You are too injured to fight recklessly!
Items here: )) ††.
Items here: )) ††.
The orc priest invokes the aid of Beogh against you.
Beogh smites you!
You die...

### ### #<# #####.# #.# #.....#
#.# #.###.# #.# #.# #.#
##################.# #.# #.#
#.........)o..))@#.# #.# #.#
#.##############.#.# #.# #.#
#.# #.#.# #.# #.# #o# #.#.# #.#
#.# #.# #.#.#####.# #.# #.#
#.#.......# #.#
#.##############.###########.##
................>.............#
#)##############.##############


You could see an orc priest.

Vanquished Creatures
  An orc wizard (D:4)
  A gnoll (D:1)
  2 adders
  2 worms (D:3)
  A dart slug (D:1)
  6 orcs
  2 endoplasms (D:1)
  3 giant cockroaches
  2 goblins
  4 hobgoblins
  4 jackals (D:1)
  2 kobolds (D:3)
  2 quokkas
  6 ball pythons
  7 bats
  2 frilled lizards
  2 rats (D:2)
49 creatures vanquished.

Vanquished Creatures (others)
  20 demonic plants (D:3)
  125 foxfires
  8 fungi (D:3)
  5 plants (D:3)
  5 withered plants (D:3)
163 creatures vanquished.

Grand Total: 212 creatures vanquished

Notes
Turn   | Place    | Note
-------+----------+-------------------------------------------
     0 | D:1      | cheesebisquit the Draconian Fire Elementalist began the
                  | quest for the Orb.
     0 | D:1      | Reached XP level 1. HP: 14/14 MP: 3/3
   113 | D:1      | Reached skill level 1 in Fighting
   179 | D:1      | Reached skill level 2 in Fighting
   179 | D:1      | Reached XP level 2. HP: 13/24 MP: 1/5
   656 | D:1      | Found Midi's Antique Armour Emporium.
   661 | D:1      | Reached skill level 3 in Fighting
   661 | D:1      | Reached XP level 3. HP: 31/31 MP: 4/6
  2634 | D:3      | Reached skill level 4 in Fighting
  2652 | D:3      | Found a faded altar of an unknown god.
  2922 | D:3      | Reached XP level 4. HP: 40/40 MP: 1/7
  3692 | D:4      | Noticed an ogre
  3730 | D:4      | Killed from afar by an orc priest

Illustrated notes

Levels and vault maps discovered:
D:1:      dpeg_arrival_central, layout_basic, serial_shops,
          nicolae_shop_window_shopping
D:2:      layout_loops_corners, nicolae_concentric_dashed_squares_mild,
          nrook_mini_vaults
D:3:      layout_rooms, shapermc_ecumenical_altar_gd
D:4:      layout_basic, uniq_natasha

Skill      XL: |  1  2  3 |
---------------+----------+-----
Fighting       | 2 3 4 |  4.8
Dodging        | |  1.7
Stealth        | |  1.7
Spellcasting   | |  2.0
Conjurations   | |  1.0
Fire Magic     | |  3.0

Action                     |  1- 3 |  4- 6 || total
---------------------------+-------+-------++-------
  Melee: Unarmed           |     8 |       ||     8
         Tailslap          |     9 |    15 ||    24
         Punch             |     2 |     1 ||     3
         Hand axe          |    45 |    66 ||   111
   Cast: Foxfire           |    59 |    18 ||    77
    Use: Scroll            |       |    11 ||    11
 Armour: Skin              |     8 |     8 ||    16
  Dodge: Dodged            |    23 |    13 ||    36

Table legend: (Time is in decaauts)
 A = Elapsed time spent in this place.
 B = Non-inter-level travel time spent in this place.
 C = Inter-level travel time spent in this place.
 D = Time resting spent in this place.
 E = Time spent auto-exploring this place.
 F = Levels seen in this place.
 G = Mean time per level.
                   A        B        C        D        E       F      G
               +--------+--------+--------+--------+--------+-----+--------+
         Total |   3762 |   3317 |    445 |    392 |   2318 |   4 |  940.5 |
       Dungeon |   3762 |   3317 |    445 |    392 |   2318 |   4 |  940.5 |
               +--------+--------+--------+--------+--------+-----+--------+

Top non-repeatable levels by time:
     D:3: 1329 daAuts
     D:2: 1065 daAuts
     D:1: 1036 daAuts
     D:4: 331 daAuts
